 Dungeon Crawl Stone Soup version 0.30-b1-2-g02819fbbbe (webtiles) character file.

Game seed: 8149713495266863969

2 Alarkh the Grasshopper (level 1, -1/16 HPs)
             Began as a Demonspawn Warper on May 25, 2023.
             Slain by an adder (4 damage)
             ... on level 2 of the Dungeon.
             The game lasted 00:00:24 (194 turns).

Alarkh the Grasshopper (Demonspawn Warper)           Turns: 194, Time: 00:00:24

Health: -1/16      AC:  3    Str: 11    XL:     1   Next: 25%
Magic:  3/3        EV: 11    Int: 14    God:
Gold:   9          SH:  0    Dex: 12    Spells: 4/4 levels left

rFire   . .          .
                       - Unarmed
rCold   . . .        (no shield)
rNeg    . . .        a - +0 leather armour
rPois   .            (no helmet)
rElec   .            (no cloak)
rCorr   .            (no gloves)
SInv    .            (no boots)
Will    .....        (no amulet)
Stlth   +            (no ring)
HPRegen 0.22/turn    (no ring)
MPRegen 0.08/turn

%: no passive effects
@: lethally poisoned (-1 -> -3)
A: no striking features
a: no special abilities


You were on level 2 of the Dungeon.
You visited 1 branch of the dungeon, and saw 2 of its levels.

You collected 9 gold pieces.

Inventory:

Missiles
 c - 5 boomerangs of dispersal (quivered)
 d - 3 boomerangs
Armour
 a - a +0 leather armour (worn)
Scrolls
 b - a scroll of blinking
 e - a scroll of immolation {unknown}
 f - a scroll of vulnerability {unknown}


   Skills:
 - Level 2.0 Fighting
 - Level 0.8 Throwing
 - Level 0.8 Armour
 - Level 1.7 Dodging
 + Level 2.0 Unarmed Combat
 - Level 2.0 Spellcasting
 - Level 2.6 Translocations


You had 4 spell levels left.
You didn't know any spells.
Your spell library contained the following spells:

 Spells                   Type           Power      Damage    Failure   Level
 Blink                    Tloc           16%        N/A       16%         2
 Lesser Beckoning         Tloc           16%        N/A       16%         2
 Teleport Other           Tloc           8%         N/A       30%         3
 Vhi's Electric Charge    Tloc/Air       10%        N/A       47%         3
 Manifold Assault         Tloc           8%         N/A       71%         4


Dungeon Overview and Level Annotations

Branches:
Dungeon (1/15)

Altars:


Message History

f - a scroll labelled OWOTIO LI GYHU A sourceless malevolence fills the Dungeon...
You fall into a shaft and drop 1 floor!
The shaft crumbles and collapses.
An adder comes into view.
An adder is nearby!
The adder hisses angrily.
A goblin comes into view. It is wielding a +0 dagger.
The goblin shouts!
A ball python comes into view.
A bat comes into view.
The bat moves out of view.
A hobgoblin comes into view.
You aren't carrying any potions.
The adder bites you but does no damage.
You closely miss the adder. The adder barely misses you.
You hit the adder but do no damage. The adder misses you.
The adder barely misses you.
You miss the adder. The adder barely misses you.
You miss the adder. The adder bites you.
You closely miss the adder. The adder bites you.
You are poisoned.
The adder poisons you!
You miss the adder.
You feel sick. The adder bites you but does no damage. The adder misses you.
Throw: 7 boomerangs (disperse)
Press: ? - help, Q - select action, (/) - cycle Shift-Dir - straight line, f - adder
Aim: an adder (38% to hit)
You throw a boomerang of dispersal.
The boomerang of dispersal barely misses the adder.
You feel sick. The adder bites you.
* * * LOW HITPOINT WARNING * * *
Throw: 6 boomerangs (disperse)
Press: ? - help, Q - select action, (/) - cycle Shift-Dir - straight line, f/p - adder
Aim: an adder (38% to hit)
You throw a boomerang of dispersal.
The boomerang of dispersal closely misses the adder.
* * * LOW HITPOINT WARNING * * *
You feel sick. The adder bites you.
You die...

#.......#
#.......#
#.g.....#.
#..........
##.#..#.###
##...## #
###....8#
#.Sg#..##
###@###..#
#...# ..#
###.### ..8
#...#####..##
#..........#
#..........#
###8###8###⌠
### #


You could see an adder and a goblin.

Vanquished Creatures
  A goblin (D:1)
  A rat (D:1)
2 creatures vanquished.

Notes
Turn   | Place    | Note
-------+----------+-------------------------------------------
     0 | D:1      | Alarkh the Demonspawn Warper began the quest for the Orb.
     0 | D:1      | Reached XP level 1. HP: 16/16 MP: 3/3
   162 | D:1      | You fall into a shaft and drop 1 floor!
   194 | D:2      | Slain by an adder

Illustrated notes

Levels and vault maps discovered:
D:1:      dpeg_arrival_short_road, layout_basic,
          nicolae_concentric_dashed_squares_mild
D:2:      layout_basic, serial_corexii_hall, corexii_hall_statues_t,
          chequers_hall_statues_y, corexii_hall_statues_u,
          corexii_hall_statues_l, chequers_hall_statues_corner_a,
          chequers_hall_statues_corner_a, minmay_hexomino_c4

Skill      XL: |  1 |
---------------+----+-----
Unarmed Combat | 2 |  2.0
Fighting       | |  2.0
Throwing       | |  0.8
Armour         | |  0.8
Dodging        | |  1.7
Spellcasting   | |  2.0
Translocations | |  2.6

Action                     || total
---------------------------++-------
  Melee: Unarmed           ||    10
  Throw: Boomerang         ||     2
 Armour: Leather armour    ||     2
  Dodge: Dodged            ||     7
